 Dungeon Crawl Stone Soup version 0.30-a0-297-g0ec75d9ef4 (webtiles) character file.

Game seed: 17268225925049875023

1117 Iusername the Shield-Bearer (level 8, -3/60 HPs)
             Began as a Gnoll Fighter on Oct 19, 2022.
             Killed from afar by Sigmund (12 damage)
             ... with a puff of flame
             ... on level 5 of the Dungeon.
             The game lasted 00:05:01 (4305 turns).

Iusername the Shield-Bearer (Gnoll Fighter)         Turns: 4305, Time: 00:05:02

Health: -3/60      AC: 10    Str: 24    XL:     8   Next: 34%
Magic:  12/12      EV: 11    Int:  7    God:
Gold:   195        SH:  5    Dex: 12    Spells: 13/13 levels left

rFire   . . .      SeeInvis .    a - +2 war axe
rCold   . . .      Faith    .    c - +0 buckler
rNeg    . . .      Spirit   .    b - +0 scale mail
rPois   +          Reflect  .    (no helmet)
rElec   .          Harm     .    q - +1 cloak
rCorr   .          Rampage  .    (no gloves)
Will    .....                    (no boots)
Stlth   +.........               (no amulet)
HPRegen 0.30/turn                h - +6 ring of strength
MPRegen 0.13/turn                (no ring)

@: brilliant, on berserk cooldown
A: fangs 1, strong nose, distributed training, frail 1, poison resistance,
evolution 1
a: no special abilities


You were on level 5 of the Dungeon.
You visited 1 branch of the dungeon, and saw 5 of its levels.

You collected 195 gold pieces.

Inventory:

Hand Weapons
 a - a +2 war axe (weapon)
 o - the +7 mace "Uxzafoo" {flame, rElec rPois Str+4 Dex+4}
   (You found it on level 3 of the Dungeon)

   It burns those it strikes, dealing additional fire damage.
   Str:       It affects your strength (+4).
   Dex:       It affects your dexterity (+4).
   rElec:     It insulates you from electricity.
   rPois:     It protects you from poison.
Armour
 b - a +0 scale mail (worn)
 c - a +0 buckler (worn)
 q - a +1 cloak (worn)
Jewellery
 h - a +6 ring of strength (left hand)
Wands
 s - a wand of polymorph (6)
Scrolls
 e - 6 scrolls of identify
 f - 2 scrolls of teleportation
 g - 2 scrolls of immolation
 m - a scroll of fear
 r - a scroll of vulnerability
Potions
 d - a potion of invisibility {unknown}
 i - a potion of haste {unknown}
 j - a potion of brilliance
 l - a potion of magic
 t - a potion of cancellation {unknown}


   Skills:
 + Level 7.4 Fighting
 + Level 3.3 Short Blades
 + Level 3.3 Long Blades
 + Level 5.7 Axes
 + Level 3.3 Maces & Flails
 + Level 3.3 Polearms
 + Level 3.3 Staves
 + Level 3.3 Ranged Weapons
 + Level 3.3 Throwing
 + Level 7.4 Armour
 + Level 3.3 Dodging
 + Level 3.3 Stealth
 + Level 7.4 Shields
 + Level 3.3 Unarmed Combat
 + Level 3.3 Spellcasting
 + Level 2.7 Conjurations
 + Level 2.7 Hexes
 + Level 2.7 Summonings
 + Level 2.7 Necromancy
 + Level 2.7 Translocations
 + Level 2.7 Transmutations
 + Level 2.7 Fire Magic
 + Level 2.7 Ice Magic
 + Level 2.7 Air Magic
 + Level 2.7 Earth Magic
 + Level 2.7 Poison Magic
 + Level 3.6 Invocations
 + Level 3.3 Evocations


You had 13 spell levels left.
You didn't know any spells.
Your spell library contained the following spells:

 Spells                   Type           Power      Damage    Failure   Level
 Ozocubu's Armour         Ice            7%         N/A       67%         3
 Metabolic Englaciation   Hex/Ice        3%         N/A       100%        5
 Simulacrum               Ice/Necr       3%         N/A       100%        6
 Borgnjor's Revivificati  Necr           3%         N/A       100%        8
 Necromutation            Tmut/Necr      3%         N/A       100%        8
 Death's Door             Necr           3%         N/A       100%        9


Dungeon Overview and Level Annotations

Branches:
Dungeon (5/15)
 Temple: D:4-7

Altars:

Annotations:
D:5 Sigmund


Innate Abilities, Weirdness & Mutations

You have very sharp teeth.
Your uncanny sense of smell can sniff out nearby items.
Your experience applies equally to all skills.
You are frail. (-10% HP)
Your system is resistant to poisons. (rPois)
You have hidden genetic potential.


Message History

You slash the ice beast!
The ice beast is moderately wounded.
Sigmund barely misses you.
You hit the ice beast.
The ice beast is heavily wounded.
The ice beast closely misses you.
You hit the ice beast.
The ice beast is severely wounded.
The ice beast barely misses you.
Sigmund casts a spell.
Sigmund flickers and vanishes!
Deactivating autopickup; reactivate with Ctrl-A.
You slash the ice beast!
The ice beast is almost dead.
You block the ice beast's attack. Something hits you!
* * * LOW HITPOINT WARNING * * *
You slash the ice beast!
You kill the ice beast!
You are no longer berserk.
You are exhausted.
You feel yourself slow down. Something hits you but does no damage.
You barely miss something.
You hear a zap.
A bolt of dispelling energy appears from out of thin air!
The bolt of dispelling energy misses you.
You hit something.
You hear a zap.
A bolt of dispelling energy appears from out of thin air!
The bolt of dispelling energy hits you.
Your magical effects are unravelling.
* * * LOW HITPOINT WARNING * * *
Something hits you.
* * * LOW HITPOINT WARNING * * *
It was a potion of brilliance.
You feel clever all of a sudden.
You feel yourself speed up.
You float gracefully downwards.
You hear some strange, mumbled words.
A puff of flame appears from out of thin air!
The puff of flame hits you!
You die...

#.........##
#...........
#...........
#...........
#....#......
#...†#.###...
#....#+###...
#..[{.<..............
#...@................
######.................
#......................
#..........[...........
#......................
#..........###...#.....
#..........#....<..#+##
+..........+.......#.##
#..........#.......+...


There were no monsters in sight!

Vanquished Creatures
  Grinder (D:4)
  An ice beast (D:5)
  A black bear (D:5)
  An ogre (D:5)
  A phantom (D:5)
  A scorpion (D:5)
  2 hounds
  Crazy Yiuf (D:3)
  2 orc priests (D:3)
  An iguana (D:4)
  Ijyb (D:4)
  Natasha (thrice) (D:4)
  An orc wizard (D:3)
  6 adders
  6 gnolls
  An ufetubus (D:4)
  2 worms
  2 dart slugs
  8 orcs
  18 ball pythons
  3 bats
  6 endoplasms
  6 giant cockroaches
  8 goblins
  3 hobgoblins
  7 jackals (D:2)
  4 quokkas
  4 frilled lizards
  8 kobolds
  9 rats
118 creatures vanquished.

Notes
Turn   | Place    | Note
-------+----------+-------------------------------------------
     0 | D:1      | Iusername the Gnoll Fighter began the quest for the Orb.
     0 | D:1      | Reached XP level 1. HP: 23/23 MP: 1/1
   123 | D:1      | Reached XP level 2. HP: 25/29 MP: 2/2
   843 | D:2      | Reached XP level 3. HP: 35/35 MP: 3/3
   871 | D:2      | Reached skill level 1 in Invocations
  1045 | D:2      | Reached skill level 1 in Short Blades
  1045 | D:2      | Reached skill level 1 in Long Blades
  1045 | D:2      | Reached skill level 1 in Maces & Flails
  1045 | D:2      | Reached skill level 1 in Polearms
  1045 | D:2      | Reached skill level 1 in Staves
  1045 | D:2      | Reached skill level 1 in Ranged Weapons
  1045 | D:2      | Reached skill level 1 in Throwing
  1045 | D:2      | Reached skill level 1 in Dodging
  1045 | D:2      | Reached skill level 1 in Stealth
  1045 | D:2      | Reached skill level 1 in Unarmed Combat
  1045 | D:2      | Reached skill level 1 in Spellcasting
  1045 | D:2      | Reached skill level 1 in Evocations
  1196 | D:2      | Reached XP level 4. HP: 39/41 MP: 5/5
  1567 | D:3      | You fall into a shaft and drop 1 floor!
  1621 | D:4      | Reached skill level 1 in Conjurations
  1621 | D:4      | Reached skill level 1 in Hexes
  1621 | D:4      | Reached skill level 1 in Summonings
  1621 | D:4      | Reached skill level 1 in Necromancy
  1621 | D:4      | Reached skill level 1 in Translocations
  1621 | D:4      | Reached skill level 1 in Transmutations
  1621 | D:4      | Reached skill level 1 in Fire Magic
  1621 | D:4      | Reached skill level 1 in Ice Magic
  1621 | D:4      | Reached skill level 1 in Air Magic
  1621 | D:4      | Reached skill level 1 in Earth Magic
  1621 | D:4      | Reached skill level 1 in Poison Magic
  2146 | D:3      | Identified the +7 mace "Uxzafoo" {flame, rElec rPois Str+4
                  | Dex+4}
  2207 | D:3      | Reached XP level 5. HP: 47/47 MP: 5/7
  2295 | D:3      | Found a runed translucent door.
  2296 | D:3      | Noticed Crazy Yiuf
  2491 | D:3      | Reached XP level 6. HP: 15/53 MP: 8/8
  2877 | D:3      | Reached skill level 5 in Axes
  3095 | D:3      | Killed Crazy Yiuf
  3202 | D:4      | Noticed Grinder
  3203 | D:4      | Noticed Natasha
  3212 | D:4      | Killed Natasha
  3213 | D:4      | Killed Grinder
  3214 | D:4      | Reached XP level 7. HP: 27/60 MP: 10/10
  3345 | D:4      | Noticed Natasha
  3353 | D:4      | Killed Natasha
  3718 | D:4      | Noticed Ijyb
  3728 | D:4      | Killed Ijyb
  4069 | D:4      | Noticed Natasha
  4073 | D:4      | Killed Natasha
  4120 | D:5      | Entered Level 5 of the Dungeon
  4202 | D:5      | Reached XP level 8. HP: 64/67 MP: 12/12
  4273 | D:5      | Noticed Sigmund
  4292 | D:5      | Gained mutation: You are frail. (-10% HP) [potion of
                  | mutation]
  4292 | D:5      | Gained mutation: You have hidden genetic potential. [potion
                  | of mutation]
  4292 | D:5      | Gained mutation: Your system is resistant to poisons.
                  | (rPois) [potion of mutation]
  4305 | D:5      | Killed from afar by Sigmund

Illustrated notes

Levels and vault maps discovered:
D:1:      scummos_arrival_simple_crosswalls, layout_loops_corners,
          minmay_misc_feat_five
D:2:      minmay_angry_zag, layout_rooms
D:3:      layout_basic, serial_rivers, chequers_serial_rivers_micro_e,
          chequers_serial_rivers_micro_c, chequers_serial_rivers_large_b,
          chequers_serial_rivers_small_b, uniq_crazy_yiuf_cottage
D:4:      layout_gridville, minivault_23, minmay_diced_spiral, uniq_natasha,
          uniq_ijyb, uniq_grinder
D:5:      layout_basic, minmay_temple_entry_mini_moons, uniq_sigmund

Skill      XL: |  1  2  3  4  5  6  7 |
---------------+----------------------+-----
Invocations    | 1 2 3 |  3.6
Short Blades   | 1 2 3 |  3.3
Long Blades    | 1 2 3 |  3.3
Maces & Flails | 1 2 3 |  3.3
Polearms       | 1 2 3 |  3.3
Staves         | 1 2 3 |  3.3
Ranged Weapons | 1 2 3 |  3.3
Throwing       | 1 2 3 |  3.3
Dodging        | 1 2 3 |  3.3
Stealth        | 1 2 3 |  3.3
Unarmed Combat | 1 2 3 |  3.3
Spellcasting   | 1 2 3 |  3.3
Evocations     | 1 2 3 |  3.3
Conjurations   | 1 2 |  2.7
Hexes          | 1 2 |  2.7
Summonings     | 1 2 |  2.7
Necromancy     | 1 2 |  2.7
Translocations | 1 2 |  2.7
Transmutations | 1 2 |  2.7
Fire Magic     | 1 2 |  2.7
Ice Magic      | 1 2 |  2.7
Air Magic      | 1 2 |  2.7
Earth Magic    | 1 2 |  2.7
Poison Magic   | 1 2 |  2.7
Axes           | 5 |  5.7
Fighting       | 7 |  7.4
Armour         | 7 |  7.4
Shields        | 7 |  7.4

Action                   |  1- 3 |  4- 6 |  7- 9 || total
-------------------------+-------+-------+-------++-------
Melee: War axe           |   106 |   111 |    62 ||   279
       Bite              |     9 |     8 |    12 ||    29
       Unarmed           |       |       |    11 ||    11
  Use: Scroll            |       |     7 |     3 ||    10
       Potion            |       |     4 |     5 ||     9
Armor: Scale mail        |    64 |    62 |    26 ||   152
       Skin              |       |       |     1 ||     1
Dodge: Dodged            |    49 |    64 |    32 ||   145
Block: Buckler           |    29 |    47 |    18 ||    94

Table legend: (Time is in decaauts)
 A = Elapsed time spent in this place.
 B = Non-inter-level travel time spent in this place.
 C = Inter-level travel time spent in this place.
 D = Time resting spent in this place.
 E = Time spent auto-exploring this place.
 F = Levels seen in this place.
 G = Mean time per level.
                   A        B        C        D        E       F      G
               +--------+--------+--------+--------+--------+-----+--------+
         Total |   4408 |   4338 |     70 |    972 |   2597 |   5 |  881.6 |
       Dungeon |   4408 |   4338 |     70 |    972 |   2597 |   5 |  881.6 |
               +--------+--------+--------+--------+--------+-----+--------+

Top non-repeatable levels by time:
     D:4: 1509 daAuts
     D:3: 1155 daAuts
     D:1: 830 daAuts
     D:2: 721 daAuts
     D:5: 191 daAuts
